 Dungeon Crawl Stone Soup version 0.30.1-9-gdf580d7c3d (webtiles) character file.

Game seed: 13231427267645435361

21959 adizb the Grappler (level 12, -11/115 HPs)
             Began as a Troll Earth Elementalist on Oct 23, 2023.
             Was an Elder of the Shining One.
             Mangled by a seven-headed hydra (12 damage)
             ... on level 2 of the Lair of Beasts.
             The game lasted 01:22:34 (9606 turns).

adizb the Grappler (Troll Earth Elementalist)       Turns: 9606, Time: 01:22:34

Health: -11/115    AC: 10    Str: 29    XL:     12   Next: 58%
Magic:  11/14      EV: 12    Int: 11    God:    the Shining One [****..]
Gold:   993        SH:  7    Dex: 10    Spells: 12/15 levels left

rFire   . . .        v - +2 giant spiked club
rCold   + . .        (shield currently unavailable)
rNeg    + + .        E - +0 troll leather armour
rPois   +            P - +0 hat
rElec   .            e - +2 cloak
rCorr   .            (gloves unavailable)
SInv    .            (boots unavailable)
Will    +....        (no amulet)
Stlth   +            g - ring of protection from cold
HPRegen 1.99/turn    C - +6 ring of strength
MPRegen 0.14/turn

%: no passive effects
@: divinely shielded, glowing
A: large, unfitting armour, claws 3, regeneration 1, shaggy fur 1, tough skin 1,
strong-willed 1, poison resistance
a: Renounce Religion, Divine Shield, Cleansing Flame


You were on level 2 of the Lair of Beasts.
You worshipped the Shining One.
The Shining One was greatly pleased with you.
You visited 2 branches of the dungeon, and saw 14 of its levels.

You collected 993 gold pieces.

Inventory:

Hand Weapons
 v - a +2 giant spiked club (weapon)
 F - a +0 antimagic morningstar
 N - a +6 great mace
Missiles
 f - 4 stones (quivered)
 m - 3 silver boomerangs
 n - 33 poisoned darts
 x - 12 javelins
 y - 11 boomerangs
 I - 13 large rocks
Armour
 e - a +2 cloak (worn)
 o - a +0 robe
 E - a +0 troll leather armour (worn)
 L - a +2 robe of cold resistance
 P - a +0 hat (worn)
Jewellery
 g - a ring of protection from cold (left claw)
 l - a ring of protection from cold
 C - a +6 ring of strength (right claw)
 K - a ring of ice
 O - a ring of flight
Wands
 i - a wand of mindburst (7)
 z - a wand of flame (28)
 B - a wand of digging (5)
 H - a wand of iceblast (6)
 M - a wand of charming (7)
Scrolls
 k - 6 scrolls of teleportation
 s - 4 scrolls of poison
 u - 3 scrolls of immolation
 D - 2 scrolls of identify
 G - 2 scrolls of magic mapping
Potions
 a - a potion of flight
 b - 3 potions of magic
 c - a potion of cancellation
 d - 2 potions of haste
 h - a potion of might
 j - a potion of invisibility
 p - a potion of mutation
 r - 4 potions of ambrosia
 t - a potion of resistance
 w - 8 potions of curing
 A - 4 potions of attraction
 Q - 2 potions of brilliance {unknown}
Miscellaneous
 J - a piece from Xom's chessboard (15/15)


   Skills:
 + Level 6.6 Fighting
 - Level 4.7 Maces & Flails
 - Level 5.0 Throwing
 + Level 6.5 Armour
 * Level 7.9 Dodging
 - Level 1.0 Stealth
 + Level 10.6 Unarmed Combat
 - Level 2.0 Spellcasting
 - Level 3.0 Transmutations
 - Level 6.0 Earth Magic
 - Level 4.0 Invocations


You had 12 spell levels left.
You knew the following spells:

 Your Spells              Type           Power      Damage    Failure   Level
a - Sandblast             Erth           28%        2d8       2%          1
b - Passwall              Tmut/Erth      9%         N/A       8%          2

Your spell library contained the following spells:

 Spells                   Type           Power      Damage    Failure   Level
 Stone Arrow              Conj/Erth      14%        3d7       28%         3
 Kiss of Death            Conj/Necr      4%         2d5       32%         1
 Blink                    Tloc           2%         N/A       43%         2
 Scorch                   Fire           2%         2d5       43%         2
 Petrify                  Tmut/Erth      11%        N/A       45%         4
 Confusing Touch          Hex            1%         N/A       67%         3
 Ozocubu's Armour         Ice            1%         N/A       67%         3
 Portal Projectile        Hex/Tloc       2%         N/A       67%         3
 Tukima's Dance           Hex            1%         N/A       67%         3
 Animate Armour           Summ/Erth      14%        N/A       67%         4
 Blade Hands              Tmut           3%         N/A       95%         5
 Borgnjor's Vile Clutch   Necr/Erth      3%         N/A       95%         5
 Animate Dead             Necr           1%         N/A       97%         4
 Dispel Undead            Necr           1%         3d6       97%         4
 Flame Wave               Conj/Fire      1%         2d4       97%         4
 Manifold Assault         Tloc           1%         N/A       97%         4
 Summon Lightning Spire   Summ/Air       1%         N/A       97%         4
 Summon Forest            Summ/Tloc      0%         N/A       100%        5
 Conjure Ball Lightning   Conj/Air       0%         3x3d6     100%        6
 Death Channel            Necr           0%         N/A       100%        6
 Eringya's Noxious Bog    Tmut/Pois      2%         N/A       100%        6
 Summon Cactus Giant      Summ           0%         N/A       100%        6
 Storm Form               Tmut/Air       2%         N/A       100%        7
 Summon Hydra             Summ           0%         N/A       100%        7
 Discord                  Hex            0%         N/A       100%        8
 Disjunction              Tloc           0%         N/A       100%        8
 Lehudib's Crystal Spear  Conj/Erth      3%         10d3      100%        8
 Maxwell's Capacitive Co  Air            0%         ∞         100%        8


Dungeon Overview and Level Annotations

Branches:
Dungeon (12/15)            Temple (0/1) D:7            Lair (2/5) D:11
 Spider (0/4) Lair:2
  Swamp: Lair:2-3    Shoals: Lair:2-3       Orc: D:9-12

Altars:
Ashenzari
Cheibriados
Elyvilon
Gozag
Makhleb
Nemelex Xobeh
Okawaru
Sif Muna
Trog
Uskayaw
Vehumet
Xom
Zin
The Shining One

Shops:
D:5 [

Annotations:
D:4 Menkaure
D:7 1 runed translucent door, rozman's ghost, novice MiFi
D:9 2 runed translucent doors, hawkwood's ghost, novice DgAr
D:12 Azrael


Innate Abilities, Weirdness & Mutations

You are too large for most types of armour.
You have claws for hands.
Your natural rate of healing is unusually fast.
You are covered in fur. (AC +1)
You have tough skin. (AC +1)
You are strong-willed. (Will+)
Your system is resistant to poisons. (rPois)


Message History

The seven-headed hydra bites you. The seven-headed hydra bites you!
The seven-headed hydra bites you but does no damage. x2
The seven-headed hydra bites you!
* * * LOW HITPOINT WARNING * * *
Okay, then.
Okay, then.
Okay, then.
Aiming: Charm
Press: ? - help, Q - select action, (/) - cycle Shift-Dir - straight line, f/p - seven-headed hydra
Aim: a seven-headed hydra (heavily wounded, haloed, chance to affect: 17%)
Okay, then.
Unknown command.
Okay, then.
Activating: Divine Shield (1% risk of failure)
Press: ? - help, Q - select action, (/) - cycle Dir - look around, f - activate A divine shield forms around you!
The seven-headed hydra completely misses you.
The seven-headed hydra bites you but does no damage.
The seven-headed hydra bites you!
* * * LOW HITPOINT WARNING * * *
The seven-headed hydra bites you!
* * * LOW HITPOINT WARNING * * *
The seven-headed hydra bites you but does no damage.
The seven-headed hydra closely misses you.
You block the seven-headed hydra's attack.
Okay, then.
Throw: dart (curare)
Press: ? - help, Q - select action, (/) - cycle Shift-Dir - straight line, f - seven-headed hydra
Aim: a seven-headed hydra (heavily wounded, haloed, 97% to hit)
You throw a curare-tipped dart.
The curare-tipped dart hits the seven-headed hydra.
The seven-headed hydra is heavily wounded.
You block the seven-headed hydra's attack. x2
The seven-headed hydra closely misses you.
The seven-headed hydra bites you!
* * * LOW HITPOINT WARNING * * *
You block the seven-headed hydra's attack.
The seven-headed hydra closely misses you.
The seven-headed hydra bites you!
You die...

## ###....##
#...# ##...P#
##..## #...##
#...#. #...##
##...#
#.#...##
#....#
##.....##
#....#
####...####
###†..
#..D...# #..).
###@...###
##... ##...#.#
#.... ##....#
##... #....###
#... ###...P#
#... ##†..###
#... #.#....##
#...
####....###...
##...##....


You could see a seven-headed hydra.

Vanquished Creatures
  Gastronok (Lair:1)
  Snorg (D:10)
  Harold (D:10)
  Fannar (D:10)
  A boulder beetle (D:11)
  Lodul (D:10)
  Pikel (D:3)
  The ghost of Kazon the Shield-Bearer, a novice GrFi of the Shining One (D:10)
  An ugly thing (D:12)
  A cyclops (D:12)
  A black mamba (Lair:1)
  2 cane toads (Lair:1)
  2 gargoyles
  An unseen horror (D:11)
  An efreet (D:12)
  A kobold demonologist (D:12)
  Psyche (D:10)
  7 komodo dragons
  4 trolls
  A polar bear (Lair:2)
  A hornet (D:9)
  6 dream sheep (Lair:2)
  A ynoxinul (D:9)
  A wyvern (D:10)
  2 wraiths (D:12)
  A shadow (D:12)
  A steam dragon (D:5)
  3 vampire mosquitoes (D:11)
  A basilisk (D:12)
  12 yaks
  2 fire elementals (D:12)
  2 acid dragons
  6 water moccasins
  A hell hound (D:12)
  5 sky beasts
  3 black bears
  3 orc warriors
  3 ice beasts
  11 ogres
  4 wolves (Lair:2)
  2 lemures (D:3)
  4 centaurs
  2 phantoms
  5 kobold brigands
  A scorpion (D:6)
  6 bullfrogs
  9 killer bees
  2 howler monkeys
  A jelly (D:7)
  9 orc priests
  4 hounds
  Crazy Yiuf (D:4)
  A gnoll bouda (D:6)
  5 iguanas
  10 orc wizards
  3 adders
  7 gnolls
  A shadow imp (D:7)
  3 white imps
  2 ufetubi (D:6)
  2 worms (D:2)
  3 dart slugs
  55 orcs
  7 bats
  10 endoplasms
  3 giant cockroaches (D:4)
  8 goblins
  8 hobgoblins
  27 kobolds
  5 quokkas
  10 ball pythons
  3 frilled lizards
  2 rats
321 creatures vanquished.

Notes
Turn   | Place    | Note
-------+----------+-------------------------------------------
     0 | D:1      | adizb the Troll Earth Elementalist began the quest for the
                  | Orb.
     0 | D:1      | Reached XP level 1. HP: 16/16 MP: 1/1
   126 | D:1      | Reached XP level 2. HP: 24/24 MP: 2/2
   138 | D:1      | Reached skill level 1 in Unarmed Combat
   190 | D:1      | Learned a level 2 spell: Passwall
   331 | D:1      | Reached XP level 3. HP: 32/32 MP: 4/4
   563 | D:2      | Found a sparkling altar of Nemelex Xobeh.
   570 | D:2      | Reached skill level 1 in Transmutations
  1179 | D:3      | Reached skill level 2 in Unarmed Combat
  1219 | D:3      | Reached XP level 4. HP: 39/40 MP: 5/5
  1912 | D:3      | Found a glowing golden altar of the Shining One.
  1927 | D:3      | Found a broken altar of Ashenzari.
  1934 | D:3      | Found a snail-covered altar of Cheibriados.
  1934 | D:3      | Found an iron altar of Okawaru.
  1934 | D:3      | Found a burning altar of Makhleb.
  1934 | D:3      | Found an opulent altar of Gozag.
  1934 | D:3      | Found a shimmering altar of Xom.
  1935 | D:3      | Found a hide-covered altar of Uskayaw.
  1937 | D:3      | Found a white marble altar of Elyvilon.
  1938 | D:3      | Found a glowing silver altar of Zin.
  1939 | D:3      | Found a radiant altar of Vehumet.
  1948 | D:3      | Became a worshipper of the Shining One
  2002 | D:4      | Noticed Pikel
  2002 | D:4      | Noticed a lemure
  2002 | D:4      | Noticed a lemure
  2002 | D:4      | Noticed a lemure
  2002 | D:4      | Noticed a lemure
  2017 | D:3      | Killed a lemure
  2026 | D:3      | Killed a lemure
  2159 | D:4      | Noticed an ice beast
  2185 | D:4      | Killed an ice beast
  2186 | D:4      | Reached skill level 1 in Fighting
  2186 | D:4      | Reached XP level 5. HP: 48/48 MP: 6/6
  2359 | D:3      | Killed Pikel
  2360 | D:3      | Reached skill level 1 in Throwing
  2360 | D:3      | Reached skill level 1 in Armour
  2360 | D:3      | Reached skill level 3 in Unarmed Combat
  2360 | D:3      | Reached skill level 1 in Invocations
  2360 | D:3      | Reached XP level 6. HP: 18/57 MP: 6/8
  2360 | D:3      | Reached XP level 7. HP: 20/63 MP: 6/9
  2489 | D:4      | Reached skill level 4 in Unarmed Combat
  2552 | D:4      | Noticed Menkaure
  2668 | D:4      | Found a runed translucent door.
  2669 | D:4      | Noticed Crazy Yiuf
  2675 | D:4      | Killed Crazy Yiuf
  2679 | D:4      | Identified the +6 hammer of Cuofumid {freeze, rF+ Int+4}
  2820 | D:5      | Entered Level 5 of the Dungeon
  2864 | D:5      | Reached XP level 8. HP: 72/72 MP: 10/10
  2896 | D:5      | Found Wetasm's Antique Armour Shoppe.
  2907 | D:5      | Reached * piety under the Shining One
  2938 | D:5      | Reached skill level 1 in Maces & Flails
  3027 | D:5      | Reached skill level 5 in Unarmed Combat
  3578 | D:6      | Reached XP level 9. HP: 54/80 MP: 11/11
  3702 | D:6      | Reached skill level 6 in Unarmed Combat
  3751 | D:6      | Reached skill level 5 in Earth Magic
  3850 | D:6      | You fall into a shaft and drop 3 floors!
  3994 | D:7      | Reached skill level 7 in Unarmed Combat
  4262 | D:6      | Reached ** piety under the Shining One
  4461 | D:7      | Reached XP level 10. HP: 92/92 MP: 12/12
  4474 | D:7      | Found a runed translucent door.
  4477 | D:7      | Noticed rozman's ghost (novice MiFi)
  4477 | D:7      | Noticed a catoblepas
  4621 | D:7      | Found a staircase to the Ecumenical Temple.
  5610 | D:9      | Found a shimmering blue altar of Sif Muna.
  5627 | D:9      | Reached skill level 8 in Unarmed Combat
  5650 | D:9      | Found a bloodstained altar of Trog.
  5676 | D:9      | Got Sif Muna's Directory of Limned Freezing
  5852 | D:9      | Paralysed by a hornet for 2 turns
  5904 | D:9      | Found a large runed translucent door.
  5905 | D:9      | Found a large runed translucent door.
  5906 | D:9      | Noticed hawkwood's ghost (novice DgAr)
  6001 | D:9      | Reached skill level 5 in Dodging
  6189 | D:10     | Entered Level 10 of the Dungeon
  6289 | D:10     | Noticed Snorg
  6313 | D:10     | Killed Snorg
  6314 | D:10     | Reached skill level 5 in Throwing
  6325 | D:10     | Noticed Lodul
  6372 | D:10     | Noticed Fannar
  6414 | D:10     | Noticed Psyche
  6425 | D:11     | Reached *** piety under the Shining One
  6427 | D:11     | Reached XP level 11. HP: 81/101 MP: 13/13
  6507 | D:11     | Noticed a boulder beetle
  6582 | D:11     | Killed a boulder beetle
  6713 | D:11     | Found a staircase to the Lair.
  7049 | D:10     | Noticed Harold
  7056 | D:10     | Killed Harold
  7057 | D:10     | Reached skill level 5 in Fighting
  7057 | D:10     | Reached skill level 9 in Unarmed Combat
  7114 | D:10     | Killed Psyche
  7138 | D:10     | Killed Fannar
  7139 | D:10     | Reached skill level 5 in Armour
  7487 | D:12     | Noticed a white ugly thing
  7498 | D:12     | Killed a white ugly thing
  7740 | D:12     | Noticed Azrael
  8120 | D:10     | Killed Lodul
  8185 | D:10     | Gained mutation: You are strong-willed. (Will+) [potion of
                  | mutation]
  8185 | D:10     | Gained mutation: Your system is resistant to poisons.
                  | (rPois) [potion of mutation]
  8236 | D:10     | Reached XP level 12. HP: 110/113 MP: 14/14
  8262 | D:10     | Reached skill level 10 in Unarmed Combat
  8381 | D:10     | Found a runed translucent gate.
  8381 | D:10     | Noticed Kazon's ghost (novice GrFi)
  8382 | D:10     | Found a runed translucent gate.
  8382 | D:10     | Found a runed translucent gate.
  8410 | D:10     | Killed Kazon's ghost
  8642 | Lair:1   | Entered Level 1 of the Lair of Beasts
  8810 | Lair:1   | Noticed Gastronok
  8812 | Lair:1   | Reached **** piety under the Shining One
  8824 | Lair:1   | Killed Gastronok
  8994 | Lair:1   | Identified the +3 short sword "Jukhluapn" {venom, rF++
                  | Dex-3}
  9189 | Lair:2   | Found a hole to the Spider Nest.
  9549 | Lair:2   | Noticed a seven-headed hydra
  9606 | Lair:2   | HP: 1/115 [seven-headed hydra (12)]
  9606 | Lair:2   | Mangled by a seven-headed hydra

Illustrated notes

Levels and vault maps discovered:
D:1:      dpeg_arrival_rooms_b, layout_rooms, minmay_misc_feat_enclosed
D:2:      layout_basic, basic_altar
D:3:      layout_basic, minitemple
D:4:      layout_gridville, uniq_menkaure, uniq_crazy_yiuf_cottage, uniq_pikel
D:5:      layout_loops_cross, serial_shops, shop
D:6:      layout_basic, hex_large
D:7:      layout_loops_ring, minmay_temple_entry_waves,
          ebering_ghost_inner_flame
D:8:      layout_cave_pools, special_room [special_room_orc],
          hangedman_decor_diamond_cutter
D:9:      layout_loops_cross, nzn_overflow_gifts_of_might_and_magic,
          ebering_ghost_disaster_area
D:10:     layout_small_grid, ebering_ghost_rock_garden, uniq_snorg, uniq_harold,
          uniq_fannar, uniq_psyche, uniq_lodul
D:11:     layout_roguey, lair_entry_dummy
D:12:     layout_irregular_city, orc_0_dummy, serial_column_ruins,
          column_ruins_circle_medium, column_ruins_hut_pillars,
          column_ruins_open_large, column_ruins_open_small,
          column_ruins_corridor_straight, column_ruins_corridor_corner,
          uniq_azrael
Lair:1:   layout_regular_city, uniq_gastronok
Lair:2:   layout_hall_layers, spider_nest_entry_web_field

Skill      XL: |  1  2  3  4  5  6  7  8  9 10 11 12 |
---------------+-------------------------------------+-----
Unarmed Combat | 1 2 3 4 5 7 8 9 10 | 10.6
Transmutations | 1 2 3 |  3.0
Earth Magic    | 3 4 5 6 |  6.0
Dodging        | 2 3 4 5 6 7 |  7.9
Fighting       | 1 2 3 4 5 6 |  6.6
Throwing       | 1 2 4 5 |  5.0
Armour         | 1 2 3 4 5 6 |  6.5
Spellcasting   | 2 |  2.0
Invocations    | 1 2 3 4 |  4.0
Maces & Flails | 2 3 4 |  4.7
Stealth        | |  1.0

Action                     |  1- 3 |  4- 6 |  7- 9 | 10-12 || total
---------------------------+-------+-------+-------+-------++-------
  Melee: Unarmed           |   108 |   130 |   246 |   493 ||   977
         Punch             |     1 |     2 |     9 |    23 ||    35
         Giant spiked club |       |       |     1 |     3 ||     4
  Throw: Dart              |       |     5 |       |     1 ||     6
         Boomerang         |       |       |     7 |    95 ||   102
         Javelin           |       |       |     6 |     7 ||    13
         Stone             |       |       |       |     1 ||     1
         Throwing net      |       |       |       |     7 ||     7
         Large rock        |       |       |       |     4 ||     4
   Cast: Sandblast         |     3 |     1 |     1 |     2 ||     7
         Passwall          |       |     2 |       |     3 ||     5
 Invoke: Divine Shield     |       |       |       |     4 ||     4
    Use: Scroll            |       |     6 |     6 |    15 ||    27
         Potion            |       |       |       |     3 ||     3
 Armour: Robe              |    42 |    30 |    72 |    64 ||   208
         Troll leather arm |       |       |       |   137 ||   137
  Dodge: Dodged            |    39 |    64 |    90 |   265 ||   458
  Block: Other             |       |       |       |    16 ||    16
